AoeStats
← prontoelpibe

Arabia

508739040Analyzed
1v1 RM · 7d ago on Sep 23, 2026· 32m 20s· 2 players
Game mode
Random Map
Map size
Tiny (2 player)
Population
200
Speed
Normal
Resources
Standard
Victory
Conquest
Starting age
Dark Age
Ending age
Imperial Age
RankedLock teamsTeams togetherTeam positionsShared explorationLock speedFull tech treeHidden civsTurbo modeCheats
Victory
Defeat
🇫🇷 Japanese · France
701
+12
🇺🇾 Chinese · Uruguay
604
-12
prontoelpibe
0:34 Loom
10:39 Feudal Age
14:11 Bloodlines
24:49 Fletching
31:11 Castle Age
30:51 Scale Barding Armor
Jayavarman XCI
5:48 Loom
9:57 Feudal Age
12:09 Man-at-Arms
23:29 Fletching
28:33 Castle Age
30:37 Long Swordsman
30:45 Crossbowman
Connection lost

Rejoining the realm…

Still unreachable

The connection could not be restored.

Session expired

The server has moved on; the page needs a fresh start.